 Dungeon Crawl Stone Soup version 0.28-a0-1510-gd0f6b136d3 (webtiles) character file.

Game seed: 2262126227797009820

161 Shayle the Ducker (level 5, -4/40 HPs)
             Began as a Djinni Warper on Jan 15, 2022.
             Slain by a phantom (6 damage)
             ... on level 4 of the Dungeon.
             The game lasted 00:07:45 (3647 turns).

Shayle the Ducker (Djinni Warper)                   Turns: 3647, Time: 00:07:46

Health: -4/40      AC:  3    Str: 10    XL:     5   Next: 70%
Gold:   127        EV: 12    Int: 17    God:
                   SH:  4    Dex: 18

rFire   + + .      SeeInvis .   r - +2 hand axe (vamp)
rCold   x . .      Faith    .   j - +0 buckler
rNeg    . . .      Spirit   .   a - +0 leather armour
rPois   ∞          Reflect  .   (no helmet)
rElec   .          Harm     .   (no cloak)
rCorr   +          Rampage  .   (no gloves)
Will    .....                   (boots unavailable)
Stlth   +.........              (no amulet)
HPRegen 0.13/turn               m - ring of resist corrosion
MPRegen 0.00/turn               p - +6 ring of dexterity

@: mighty, attractive, flying
A: sickness immunity, fire resistance 2, cold vulnerability 1, float, innate
caster, hp casting, extra vitality 1
a: no special abilities


You were on level 4 of the Dungeon.
You visited 1 branch of the dungeon, and saw 4 of its levels.

You collected 127 gold pieces.

Inventory:

Hand Weapons
 r - a +2 vampiric hand axe (weapon)
Armour
 a - a +0 leather armour (worn)
 j - a +0 buckler (worn)
Jewellery
 m - a ring of resist corrosion (left hand)
 p - a +6 ring of dexterity (right hand)
Wands
 l - a wand of mindburst (10)
Scrolls
 b - 2 scrolls of blinking
 c - 3 scrolls of teleportation {unknown}
 e - 3 scrolls of fog {unknown}
 f - 4 scrolls of fear {unknown}
 i - a scroll of noise {unknown}
 n - 2 scrolls of identify {unknown}
 o - a scroll of brand weapon {unknown}
Potions
 d - a potion of curing {unknown}
 k - a potion of flight {unknown}
 q - a potion of degeneration {unknown}


   Skills:
 + Level 3.1 Fighting
 - Level 0.7 Throwing
 - Level 1.0 Armour
 + Level 3.4 Dodging
 + Level 3.1 Unarmed Combat
 + Level 3.1 Spellcasting


You couldn't memorise any spells.
You knew the following spells:

 Your Spells              Type           Power      Damage    Failure   Level
a - Blink                 Tloc           26%        N/A       13%         2
b - Lesser Beckoning      Tloc           13%        N/A       26%         3
c - Gell's Gravitas       Tloc           13%        N/A       26%         3
d - Teleport Other        Tloc           13%        N/A       26%         3
e - Manifold Assault      Tloc           13%        N/A       94%         5
f - Freeze                Ice            52%        1d7       9%          1
g - Poisonous Vapours     Pois/Air       26%        N/A       13%         2
Your spell library was empty.

Dungeon Overview and Level Annotations

Branches:
Dungeon (4/15)
 Temple: D:4-7

Altars:


Innate Abilities, Weirdness & Mutations

You are immune to sickness and miasma.
You are immune to poison.
Your flesh is very heat resistant. (rF++)
You are vulnerable to cold. (rC-)
You float through the air rather than walking.
You learn spells naturally, not from books.
Your magical power is your life essence.
You have superior vitality. (+4 MHP)


Message History

You block the phantom's attack. The phantom hits you.
The phantom blinks!
You blink.
You hit the phantom.
The phantom is moderately damaged.
The phantom hits you.
You closely miss the phantom.
The phantom is moderately damaged.
The phantom hits you.
You closely miss the phantom.
The phantom is moderately damaged.
You block the phantom's attack. The phantom hits you!
The phantom blinks!
You blink.
You hit the phantom.
The phantom is heavily damaged.
The phantom closely misses you.
You hit the phantom but do no damage.
The phantom is heavily damaged.
The phantom barely misses you.
You hit the phantom but do no damage.
The phantom is heavily damaged.
The phantom hits you.
The phantom blinks!
You blink.
The phantom hits you!
* * * LOW HITPOINT WARNING * * *
You slash the phantom!
The phantom is severely damaged.
The phantom hits you but does no damage.
You hit the phantom but do no damage.
The phantom is severely damaged.
The phantom misses you. The phantom hits you!
* * * LOW HITPOINT WARNING * * *
The phantom blinks!
You blink.
It was a potion of attraction.
You feel attractive to monsters. The phantom barely misses you.
It was a potion of might.
You feel very mighty all of a sudden. The phantom closely misses you.
You barely miss the phantom.
The phantom is severely damaged.
The phantom hits you.
You die...

#.########.# #############.#
#.# #######...........#.# #.#
^....##.#########.#.# #.####
####.##.# #.#.# #.....
####.##.# #.#.## ######
.....##.#########....#
###...........##.....###
..(...........#W@......#####
####.##.####..#............#
#.##.# #..#.........##.######
#.##.# #..#..........#.......
#.##.####..#.#.......#########
####.##..†........###..##
................### #..#
.###.#######.#..# #..#
####............# #..#


You could see a phantom.

Vanquished Creatures
  A hound (D:4)
  Terence (D:2)
  4 adders
  2 dart slugs
  5 orcs (D:3)
  5 ball pythons
  4 endoplasms
  7 giant cockroaches
  2 hobgoblins
  4 jackals (D:1)
  3 quokkas
  A bat (D:1)
  2 frilled lizards (D:2)
  7 goblins
  6 kobolds
  A quokka skeleton (D:4)
  5 rats
60 creatures vanquished.

Vanquished Creatures (others)
  11 plants (D:3)
11 creatures vanquished.

Grand Total: 71 creatures vanquished

Notes
Turn   | Place    | Note
-------+----------+-------------------------------------------
     0 | D:1      | Shayle the Djinni Warper began the quest for the Orb.
     0 | D:1      | Reached XP level 1. HP: 18/18 MP: 0/0
   112 | D:1      | Reached XP level 2. HP: 11/23 MP: 0/0
   315 | D:1      | You are sucked into a shaft and drop 1 floor!
   421 | D:1      | Found a faded altar of an unknown god.
   815 | D:1      | Reached XP level 3. HP: 29/29 MP: 0/0
   815 | D:1      | Learned a level 1 spell: Freeze
   981 | D:2      | Noticed Terence
   987 | D:2      | Killed Terence
   988 | D:2      | Reached XP level 4. HP: 23/34 MP: 0/0
  2196 | D:3      | Reached XP level 5. HP: 34/40 MP: 0/0
  2196 | D:3      | Learned a level 2 spell: Poisonous Vapours
  3136 | D:4      | Noticed a phantom
  3644 | D:4      | HP: 2/40 [phantom (9)]
  3647 | D:4      | Slain by a phantom

Illustrated notes

Levels and vault maps discovered:
D:1:      dpeg_arrival_pits, layout_rooms, hellmonk_ecumenical_altar_run_dry
D:2:      layout_loops_ring, uniq_terence
D:3:      layout_basic, eino_tiny_chamber, chequers_big_river
D:4:      layout_loops_ring

Skill      XL: |  1  2  3  4  5 |
---------------+----------------+-----
Dodging        | 3 |  3.4
Spellcasting   | 3 |  3.1
Fighting       | 3 |  3.1
Unarmed Combat | 3 |  3.1
Throwing       | |  0.7
Armour         | |  1.0

Action                   |  1- 3 |  4- 6 || total
-------------------------+-------+-------++-------
Melee: Unarmed           |    69 |    12 ||    81
       Punch             |     2 |       ||     2
       Hand axe          |       |    13 ||    13
Throw: Boomerang         |     5 |       ||     5
 Cast: Freeze            |    11 |    71 ||    82
       Blink             |       |     1 ||     1
  Use: Potion            |       |     2 ||     2
Armor: Leather armour    |    33 |    20 ||    53
Dodge: Dodged            |    54 |    44 ||    98
Block: Buckler           |       |     3 ||     3

Table legend: (Time is in decaauts)
 A = Elapsed time spent in this place.
 B = Non-inter-level travel time spent in this place.
 C = Inter-level travel time spent in this place.
 D = Time resting spent in this place.
 E = Time spent auto-exploring this place.
 F = Levels seen in this place.
 G = Mean time per level.
                   A        B        C        D        E       F      G
               +--------+--------+--------+--------+--------+-----+--------+
         Total |   3650 |   3534 |    116 |    175 |   2570 |   4 |  912.5 |
       Dungeon |   3650 |   3534 |    116 |    175 |   2570 |   4 |  912.5 |
               +--------+--------+--------+--------+--------+-----+--------+

Top non-repeatable levels by time:
     D:2: 1136 daAuts
     D:3: 859 daAuts
     D:4: 842 daAuts
     D:1: 811 daAuts
